 Dungeon Crawl Stone Soup version 0.31-a0-795-g5eb97db20b (webtiles) character file.

Game seed: 6832582832008222115

6317 cforsyth the Fighter (level 11, -3/80 HPs)
             Began as a Djinni Delver on Sept 18, 2023.
             Was a High Priest of Hepliaklqana.
             Slain by an ice devil (11 damage)
             ... in an ice cave.
             The game lasted 00:14:22 (10089 turns).

cforsyth the Fighter (Djinni Delver)               Turns: 10089, Time: 00:14:23

Health: -3/80      AC:  6    Str: 11    XL:     11   Next: 16%
Gold:   576        EV: 12    Int: 16    God:    Hepliaklqana [*****.] SH:  0 Dex: 15

rFire   + . .        r - +2 long sword (heavy)
rCold   + . .        (no shield)
rNeg    . . .        F - +0 troll leather armour
rPois   ∞            H - +1 helmet
rElec   .            (no cloak)
rCorr   .            D - +0 pair of gloves
SInv    .            (boots unavailable)
Will    +....        (no amulet)
Stlth   ++           B - ring of ice
HPRegen 1.13/turn    e - ring of protection from cold
MPRegen 0.00/turn

%: infuse magic (-4 HP)
@: flying
A: reduced essence, sickness immunity, fire resistance 2, cold vulnerability 1,
float, innate caster, HP casting, extra vitality 1
a: Renounce Religion, Recall Ancestor, Ancestor Identity, Transference, Idealise


You were in an ice cave.
You worshipped Hepliaklqana.
Hepliaklqana was extremely pleased with you.
You visited 2 branches of the dungeon, and saw 12 of its levels.
You also visited: Ice Cave.

You collected 576 gold pieces.

Inventory:

Hand Weapons
 a - a +5 spear
 r - a +2 heavy long sword (weapon)
Missiles
 x - a throwing net
Armour
 D - a +0 pair of gloves (worn)
 F - a +0 troll leather armour (worn)
 H - a +1 helmet (worn)
Jewellery
 e - a ring of protection from cold (right hand)
 B - a ring of ice (left hand)
Wands
 b - a wand of roots (3)
 g - a wand of digging (9)
 h - a wand of paralysis (4)
 v - a wand of flame (62)
 y - a wand of polymorph (14)
Scrolls
 c - a scroll of fog
 j - a scroll of enchant armour {unknown}
 m - 2 scrolls of vulnerability {unknown}
 p - 4 scrolls of blinking {unknown}
 t - a scroll of silence {unknown}
 u - 3 scrolls of teleportation {unknown}
 w - 2 scrolls of noise {unknown}
 A - a scroll of butterflies {unknown}
 G - a scroll of torment {unknown}
Potions
 f - 2 potions of haste
 i - 5 potions of curing
 k - 2 potions of lignification
 l - 2 potions of attraction
 n - 4 potions of might
 o - a potion of brilliance
 q - 2 potions of heal wounds
 s - a potion of degeneration {unknown}
 C - a potion of berserk rage


   Skills:
 + Level 11.9 Fighting
 - Level 1.7 Long Blades
 - Level 2.1 Dodging
 - Level 4.1 Stealth
 + Level 8.5 Spellcasting
 + Level 8.5 Conjurations
 + Level 8.5 Hexes
   Level 0.0 Charms
 + Level 8.5 Summonings
 + Level 8.5 Necromancy
 + Level 8.5 Translocations
 + Level 8.5 Transmutations
 + Level 8.5 Fire Magic
 + Level 8.5 Ice Magic
 + Level 8.5 Air Magic
 + Level 8.5 Earth Magic
 + Level 8.5 Poison Magic


You knew the following spells:

 Your Spells              Type           Power      Damage    Failure   Level
a - Slow                  Hex            100%       N/A       1%          1
b - Poisonous Vapours     Pois/Air       68%        N/A       1%          2
c - Confusing Touch       Hex            34%        N/A       1%          3
d - Ozocubu's Armour      Ice            51%        N/A       1%          3
e - Alistair's Intoxicat  Tmut/Pois      22%        N/A       12%         5
Your spell library was empty.

Dungeon Overview and Level Annotations

Branches:
Dungeon (11/15)            Temple (1/1) D:4            Lair (0/5) D:11
  IceCv (1/1)
    Orc: D:9-12

Altars:
Ashenzari
Cheibriados
Dithmenos
Elyvilon
Fedhas
Gozag
Hepliaklqana
Makhleb
Nemelex Xobeh
Okawaru
Qazlal
Ru
Trog
Uskayaw
Wu Jian
Xom
Yredelemnul
Zin
The Shining One

Shops:
D:10 (

Annotations:
D:7 2 transporters


Innate Abilities, Weirdness & Mutations

Your life essence is reduced to manifest your ancestor. (-10% HP)
You are immune to sickness and miasma.
You are immune to poison.
Your flesh is very heat resistant. (rF++)
You are vulnerable to cold. (rC-)
You float through the air rather than walking.
You learn spells naturally, not from books.
Your magical power is your life essence.
You have superior vitality. (+4 MHP)


Message History

You barely miss the ice devil.
The ice devil is lightly wounded.
The ice devil misses you. The ice devil barely misses you.
You slash the ice devil!
The ice devil is heavily wounded.
The ice devil hits you!
* * * LOW HITPOINT WARNING * * *
The ice devil freezes you! You resist.
* * * LOW HITPOINT WARNING * * *
The ice devil closely misses you.
Aiming: Throw Flame
Press: ? - help, Shift-Dir - straight line, f - ice devil
Aim: an ice devil (heavily wounded, 68% to hit)
The puff of flame hits the ice devil but does no damage.
The ice devil is heavily wounded.
The ice devil barely misses you.
Aiming: Throw Flame
Press: ? - help, Shift-Dir - straight line, f/p - ice devil
Aim: an ice devil (heavily wounded, 68% to hit)
The puff of flame hits the ice devil!
The ice devil is burned terribly!
The ice devil is severely wounded.
The ice devil hits you.
* * * LOW HITPOINT WARNING * * *
The ice devil freezes you. You resist.
* * * LOW HITPOINT WARNING * * *
Aiming: Throw Flame
Press: ? - help, Shift-Dir - straight line, f/p - ice devil
Aim: an ice devil (severely wounded, 68% to hit)
The puff of flame hits the ice devil but does no damage.
The ice devil is severely wounded.
The ice devil closely misses you.
Aiming: Throw Flame
Press: ? - help, Shift-Dir - straight line, f/p - ice devil
Aim: an ice devil (severely wounded, 68% to hit)
The puff of flame hits the ice devil but does no damage.
The ice devil is severely wounded.
The ice devil hits you.
* * * LOW HITPOINT WARNING * * *
The ice devil freezes you! You resist.
You die...

.....# ......
...... #### ......#
##..##
.......######....##
.........##.......#
⌠.............∩∩..#
...........4@.....#
.......##..##....##
......# ######..##
...... #### .....
..... ...# ###


You could see an ice devil.

Vanquished Creatures
  Maggie (D:8)
  An ice devil (IceCv)
  An efreet (D:10)
  2 trolls
  3 wraiths (D:10)
  A yak (D:10)
  2 steam dragons (D:10)
  An acid dragon (D:11)
  3 water moccasins
  A phantom (D:6)
  A scorpion (D:5)
  2 wights (D:7)
  5 killer bees
  A howler monkey (D:10)
  3 hounds
  A jelly (D:4)
  5 orc priests
  An iguana (D:6)
  Natasha (D:3)
  7 orc wizards
  A wolf simulacrum (IceCv)
  5 adders
  3 gnolls
  A white imp (D:6)
  4 ufetubi
  3 worms (D:2)
  A dart slug (D:4)
  18 orcs
  4 ball pythons
  9 endoplasms
  4 giant cockroaches
  5 goblins
  7 hobgoblins
  6 kobolds
  2 quokkas
  4 bats
  3 frilled lizards
  20 rats
143 creatures vanquished.

Vanquished Creatures (collateral kills)
  A two-headed ogre (D:9)
  An ice devil (IceCv)
  A hornet (D:8)
  A wyvern (D:10)
  A yak (D:10)
  An orc warrior (D:8)
  3 centaurs
  3 kobold brigands
  A gnoll sergeant (D:8)
  A two-headed ogre simulacrum (IceCv)
  A scorpion (D:6)
  2 wights (D:7)
  3 killer bees (D:9)
  3 orc priests
  2 sleepcaps (D:7)
  4 iguanas
  Natasha (twice) (D:3)
  An orc wizard (D:9)
  3 gnolls
  A white imp (D:7)
  2 ufetubi (IceCv)
  A worm (D:2)
  11 orcs
  A ball python (D:2)
  A bat (D:2)
  An endoplasm (D:2)
  A giant cockroach (D:1)
  A goblin (D:3)
  A hobgoblin (D:4)
  5 kobolds
  3 rats (D:2)
64 creatures vanquished.

Vanquished Creatures (others)
  A centaur simulacrum (D:10)
  A human (D:5)
  5 knights
7 creatures vanquished.

Grand Total: 214 creatures vanquished

Notes
Turn   | Place    | Note
-------+----------+-------------------------------------------
     0 | D:5      | cforsyth the Djinni Delver began the quest for the Orb.
     0 | D:5      | Reached XP level 1. HP: 20/20 MP: 0/0
    21 | D:5      | Reached XP level 2. HP: 20/25 MP: 0/0
   162 | D:5      | Reached skill level 1 in Spellcasting
   162 | D:5      | Reached skill level 1 in Conjurations
   162 | D:5      | Reached skill level 1 in Hexes
   162 | D:5      | Reached skill level 1 in Summonings
   162 | D:5      | Reached skill level 1 in Necromancy
   162 | D:5      | Reached skill level 1 in Translocations
   162 | D:5      | Reached skill level 1 in Transmutations
   162 | D:5      | Reached skill level 1 in Fire Magic
   162 | D:5      | Reached skill level 1 in Ice Magic
   162 | D:5      | Reached skill level 1 in Air Magic
   162 | D:5      | Reached skill level 1 in Earth Magic
   162 | D:5      | Reached skill level 1 in Poison Magic
   162 | D:5      | Reached XP level 3. HP: 10/31 MP: 0/0
   162 | D:5      | Learned a level 1 spell: Slow
   277 | D:5      | Noticed a human
   278 | D:5      | Killed a human
   454 | D:4      | Found a staircase to the Ecumenical Temple.
   489 | Temple   | Entered the Ecumenical Temple
   508 | Temple   | Became a worshipper of Hepliaklqana the Forgotten
   547 | D:4      | Reached skill level 4 in Fighting
   547 | D:4      | Reached XP level 4. HP: 8/37 MP: 0/0
   703 | D:3      | Found a hide-covered altar of Uskayaw.
   922 | D:1      | Reached * piety under Hepliaklqana
  1150 | D:1      | Reached XP level 5. HP: 28/36 MP: 0/0
  1150 | D:1      | Learned a level 2 spell: Poisonous Vapours
  1707 | D:2      | Found a faded altar of an unknown god.
  2400 | D:3      | Noticed Natasha
  2403 | D:3      | Killed Natasha
  2444 | D:3      | Reached ** piety under Hepliaklqana
  2445 | D:3      | Remembered your ancestor Huemac as a knight
  2506 | D:3      | Reached XP level 6. HP: 10/44 MP: 0/0
  2578 | D:3      | Reached skill level 5 in Fighting
  2706 | D:3      | Found a sparkling altar of Nemelex Xobeh.
  3255 | D:3      | Reached XP level 7. HP: 36/48 MP: 0/0
  3255 | D:3      | Learned a level 3 spell: Confusing Touch
  3377 | D:3      | Noticed Natasha
  3382 | D:3      | Killed Natasha
  3549 | D:3      | Found a hide-covered altar of Uskayaw.
  3792 | D:3      | Found a sparkling altar of Nemelex Xobeh.
  3844 | D:3      | Noticed Natasha
  3849 | D:3      | Killed Natasha
  4529 | D:5      | Reached skill level 6 in Fighting
  4825 | D:5      | Reached XP level 8. HP: 28/55 MP: 0/0
  5371 | D:6      | Reached *** piety under Hepliaklqana
  5473 | D:6      | Reached skill level 7 in Fighting
  6160 | D:7      | Reached skill level 5 in Spellcasting
  6160 | D:7      | Reached skill level 5 in Conjurations
  6160 | D:7      | Reached skill level 5 in Hexes
  6160 | D:7      | Reached skill level 5 in Summonings
  6160 | D:7      | Reached skill level 5 in Necromancy
  6160 | D:7      | Reached skill level 5 in Translocations
  6160 | D:7      | Reached skill level 5 in Transmutations
  6160 | D:7      | Reached skill level 5 in Fire Magic
  6160 | D:7      | Reached skill level 5 in Ice Magic
  6160 | D:7      | Reached skill level 5 in Air Magic
  6160 | D:7      | Reached skill level 5 in Earth Magic
  6160 | D:7      | Reached skill level 5 in Poison Magic
  6301 | D:7      | Reached skill level 8 in Fighting
  6301 | D:7      | Reached XP level 9. HP: 50/63 MP: 0/0
  6301 | D:7      | Learned a level 3 spell: Ozocubu's Armour
  6855 | D:7      | Found a transporter.
  6855 | D:7      | Noticed a kobold demonologist
  6862 | D:7      | Found a transporter.
  7066 | D:7      | Reached **** piety under Hepliaklqana
  7273 | D:8      | Noticed a troll
  7288 | D:8      | Killed a troll
  7381 | D:8      | Noticed Maggie
  7442 | D:8      | Killed Maggie
  7443 | D:8      | Reached skill level 9 in Fighting
  7880 | D:8      | Noticed a hornet
  7893 | D:8      | Killed a hornet
  8188 | D:8      | Reached XP level 10. HP: 56/72 MP: 0/0
  8633 | D:9      | Found a shimmering altar of Xom.
  8633 | D:9      | Found a shimmering altar of Xom.
  8634 | D:9      | Found a shimmering altar of Xom.
  8636 | D:9      | Found a shimmering altar of Xom.
  8636 | D:9      | Noticed a two-headed ogre
  8637 | D:9      | Found a shimmering altar of Xom.
  8639 | D:9      | Found a shimmering altar of Xom.
  8645 | D:9      | Killed a two-headed ogre
  8646 | D:9      | Reached skill level 10 in Fighting
  9185 | D:10     | Entered Level 10 of the Dungeon
  9289 | D:10     | Found Weric's Weapon Emporium.
  9393 | D:10     | Reached ***** piety under Hepliaklqana
  9634 | D:10     | Reached skill level 11 in Fighting
  9769 | D:10     | Noticed an efreet
  9777 | D:10     | Killed an efreet
  9836 | D:10     | Reached XP level 11. HP: 22/78 MP: 0/0
  9836 | D:10     | Learned a level 5 spell: Alistair's Intoxication
  9910 | D:10     | Noticed a skeletal warrior
  9975 | D:11     | Found a frozen archway.
 10021 | IceCv    | Entered an ice cave
 10089 | IceCv    | Slain by an ice devil

Illustrated notes

Levels and vault maps discovered:
D:1:      spicycebolla_green_bress_n_ham, layout_basic, minmay_misc_feat_tower
D:2:      layout_loops_ring, basic_altar,
          hellmonk_ecumenical_altar_slurped_away, st_stairs_7, minmay_rat_hole
D:3:      layout_basic, eat_drink_and_be_merry_uskayaw,
          mainiacjoe_overflow_large_starburst, chequers_serial_rivers_marsh,
          dreamdust_princess_bridge, uniq_natasha
D:4:      layout_cave_pools, minmay_temple_entry_tees, glass_columns_a
D:5:      layout_loops_ring, tgw_kikubaaqudgha, minivault_14
D:6:      nicolae_cairo_tiling_large, layout_cave_pools, kennysheep_small_square
D:7:      gammafunk_wand_slinger, layout_basic
D:8:      layout_loops_corners, uniq_maggie
D:9:      layout_roguey, xom_redecorated
D:10:     layout_basic, serial_shops, shop, hangedman_decor_lopped,
          minmay_pinched_square
D:11:     layout_cave_pods, due_lair_maze_entry_diamond,
          portal_ice_cave_entry_pillars_2, gammafunk_ghost_necromancy
Temple:   nicolae_temple_bog_church
IceCv:    ice_cave_tombish

Skill      XL: |  1  2  3  4  5  6  7  8  9 10 |
---------------+-------------------------------+-----
Spellcasting   | 1 2 3 4 5 6 8 |  8.5
Conjurations   | 1 2 3 4 5 6 8 |  8.5
Hexes          | 1 2 3 4 5 6 8 |  8.5
Summonings     | 1 2 3 4 5 6 8 |  8.5
Necromancy     | 1 2 3 4 5 6 8 |  8.5
Translocations | 1 2 3 4 5 6 8 |  8.5
Transmutations | 1 2 3 4 5 6 8 |  8.5
Fire Magic     | 1 2 3 4 5 6 8 |  8.5
Ice Magic      | 1 2 3 4 5 6 8 |  8.5
Air Magic      | 1 2 3 4 5 6 8 |  8.5
Earth Magic    | 1 2 3 4 5 6 8 |  8.5
Poison Magic   | 1 2 3 4 5 6 8 |  8.5
Fighting       | 4 5 6 8 9 11 | 11.9
Long Blades    | |  1.7
Dodging        | |  2.1
Stealth        | |  4.1

Action                     |  1- 3 |  4- 6 |  7- 9 | 10-12 || total
---------------------------+-------+-------+-------+-------++-------
  Melee: Falchion          |    59 |   135 |       |       ||   194
         Punch             |     3 |     1 |     1 |       ||     5
         Long sword        |       |    27 |   144 |    92 ||   263
   Cast: Slow              |     7 |     1 |       |       ||     8
         Poisonous Vapours |       |     2 |     5 |    12 ||    19
         Alistair's Intoxi |       |       |       |     6 ||     6
 Invoke: Ancestor Life: Kn |       |     1 |       |       ||     1
         Recall Ancestor   |       |       |       |     1 ||     1
  Evoke: Wand              |       |       |       |     4 ||     4
    Use: Potion            |     2 |       |       |     3 ||     5
         Scroll            |     1 |       |     2 |     8 ||    11
   Stab: Sleeping          |     2 |    13 |    13 |     1 ||    29
         Distracted        |       |       |     2 |       ||     2
         Confused          |       |       |       |     1 ||     1
 Armour: Leather armour    |    47 |   101 |   103 |       ||   251
         Troll leather arm |       |       |    74 |   173 ||   247
  Dodge: Dodged            |    55 |    98 |   159 |   131 ||   443

Table legend: (Time is in decaauts)
 A = Elapsed time spent in this place.
 B = Non-inter-level travel time spent in this place.
 C = Inter-level travel time spent in this place.
 D = Time resting spent in this place.
 E = Time spent auto-exploring this place.
 F = Levels seen in this place.
 G = Mean time per level.
                   A        B        C        D        E       F      G
               +--------+--------+--------+--------+--------+-----+--------+
         Total |  10403 |  10022 |    381 |    572 |   7478 |  13 |  800.2 |
       Dungeon |  10290 |   9928 |    362 |    557 |   7478 |  11 |  935.5 |
        Temple |     38 |     19 |     19 |      0 |      0 |   1 |   38.0 |
      Ice Cave |     74 |     74 |      0 |     15 |      0 |   1 |   74.0 |
               +--------+--------+--------+--------+--------+-----+--------+

Top non-repeatable levels by time:
     D:3: 2035 daAuts
     D:7: 1410 daAuts
     D:8: 1343 daAuts
     D:5: 1093 daAuts
     D:2: 940 daAuts
    D:10: 819 daAuts
     D:6: 716 daAuts
     D:9: 628 daAuts
     D:1: 617 daAuts
     D:4: 606 daAuts
    D:11: 79 daAuts
   IceCv: 74 daAuts
  Temple: 38 daAuts
